 Dungeon Crawl Stone Soup version 0.30.1-11-g7821555f0a (webtiles) character file.

Game seed: 1634811353723972831

17 caec the Cudgeller (level 3, 0/25 HPs)
             Began as a Meteoran Cinder Acolyte on Dec 14, 2023.
             Was an Elder of Ignis.
             Slain by a worm (6 damage)
             ... on level 2 of the Dungeon.
             The game lasted 00:06:00 (687 turns).

caec the Cudgeller (Meteoran Cinder Acolyte)         Turns: 687, Time: 00:06:01

Health: 0/25       AC:  2    Str: 16    XL:     3   Next: 2%
Magic:  3/6        EV: 11    Int: 17    God:    Ignis [****..]
Gold:   45         SH:  0    Dex:  9    Spells: 2/4 levels left

rFire   + . .        a - -1 mace (flame)
rCold   . . .        (no shield)
rNeg    . . .        b - +0 robe
rPois   .            (no helmet)
rElec   .            (no cloak)
rCorr   .            (no gloves)
SInv    .            (no boots)
Will    .....        (no amulet)
Stlth   +            (no ring)
HPRegen 0.24/turn    (no ring)
MPRegen 0.10/turn

%: no passive effects
@: glowing
A: sense surroundings 1, otherworldly, glowing, explore regen
a: Renounce Religion, Fiery Armour, Foxfire Swarm, Rising Flame


You were on level 2 of the Dungeon.
You worshipped Ignis.
Ignis was greatly pleased with you.
You visited 1 branch of the dungeon, and saw 2 of its levels.

You collected 45 gold pieces.

Inventory:

Hand Weapons
 a - a -1 mace of flaming (weapon)
Armour
 b - a +0 robe (worn)
Scrolls
 c - a scroll of noise {unknown}
Potions
 d - a potion of brilliance {unknown}
 e - a potion of haste {unknown}
 f - a potion of mutation {unknown}


   Skills:
 + Level 3.9 Fighting
 + Level 4.3 Maces & Flails
 + Level 1.3 Spellcasting
 + Level 3.7 Fire Magic


You had 2 spell levels left.
You knew the following spells:

 Your Spells              Type           Power      Damage    Failure   Level
a - Scorch                Fire           28%        2d6       7%          2

Your spell library contained the following spells:

 Spells                   Type           Power      Damage    Failure   Level
 Blink                    Tloc           2%         N/A       30%         2
 Lesser Beckoning         Tloc           2%         N/A       30%         2
 Momentum Strike          Conj/Tloc      2%         3d8       30%         2


Dungeon Overview and Level Annotations

Branches:
Dungeon (2/15) Zot: 709

Altars:


Innate Abilities, Weirdness & Mutations

You passively map a small area around you.
You are easily found by Zot.
You glow in the dark.
You regain HP and MP as you explore.


Message History

The worm is lightly wounded.
The worm bites you.
You hit the worm but do no damage.
The worm is lightly wounded.
The worm barely misses you.
You hit the worm but do no damage.
Okay, then.
Okay, then.
Casting: Scorch (safe; 7% risk of failure)
Confirm with . or Enter, or press ? or * to list all spells.
Flames lash the worm.
The worm is lightly wounded.
The worm's fire resistance burns away.
You hear an angry hiss.
The worm completely misses you.
The worm is no longer more vulnerable to fire.
Activating: Foxfire Swarm
Press: ? - help, Dir - look around, f - activate Flames leap up around you!
The foxfire hits the worm.
The worm is lightly wounded.
Your foxfire dissipates!
The foxfire hits the worm.
The worm is moderately wounded.
A worm is nearby!
Your foxfire dissipates!
A worm is nearby!
A worm is nearby!
The worm bites you.
Casting: Scorch (safe; 7% risk of failure)
Confirm with . or Enter, or press ? or * to list all spells.
Flames lash the worm.
The worm is moderately wounded.
The worm's fire resistance burns away.
The worm bites you.
* * * LOW HITPOINT WARNING * * *
You barely miss the worm.
The worm is moderately wounded.
You hit the worm. You burn the worm.
The worm is severely wounded.
The worm bites you.
You die...

* * , , , , , *
########...
#.......!>. , ,
#.######.#. , #w#
#.. .., #@# #...,
,.# #.# #... ,..#
, ##.# #... ...#
#..# #..# ...# ,
#.## ###..##..
####.#####......#
* ,
#.......##....<.#
#.......##......#
* ,
#.......##......#


You could see a worm (combustible).

Vanquished Creatures
  An adder (D:2)
  An endoplasm (D:1)
  A hobgoblin (D:1)
  A quokka (D:1)
  A ball python (D:1)
  2 bats
  A goblin (D:1)
  2 rats (D:1)
10 creatures vanquished.

Vanquished Creatures (others)
  12 foxfires (D:2)
12 creatures vanquished.

Grand Total: 22 creatures vanquished

Notes
Turn   | Place    | Note
-------+----------+-------------------------------------------
     0 | D:1      | caec the Meteoran Cinder Acolyte began the quest for the
                  | Orb.
     0 | D:1      | Reached XP level 1. HP: 19/19 MP: 3/3
   191 | D:1      | Reached XP level 2. HP: 26/26 MP: 5/5
   414 | D:1      | Learned a level 2 spell: Scorch
   497 | D:1      | Glimpsed the power of Zot.
   547 | D:1      | Glimpsed the power of Zot.
   587 | D:1      | Glimpsed the power of Zot.
   597 | D:1      | Touched by the power of Zot.
   622 | D:2      | Reached XP level 3. HP: 22/25 MP: 3/6
   687 | D:2      | Slain by a worm

Illustrated notes

Levels and vault maps discovered:
D:1:      minmay_arrival_radiant_lines, layout_loops_ring,
          kennysheep_flooded_box, minmay_misc_feat_diagonals,
          serial_park_tiny_2, minmay_pentomino_r2
D:2:      layout_rooms, chequers_avenue

Action                     || total
---------------------------++-------
  Melee: Mace              ||    21
   Cast: Scorch            ||     3
 Invoke: Fiery Armour      ||     1
         Foxfire Swarm     ||     2
 Armour: Robe              ||     3
  Dodge: Dodged            ||    13
